 Dungeon Crawl Stone Soup version 0.28-b1-25-g9875b3fc8c (webtiles) character file.

Game seed: 13562103417601513936

12085 LustLizard the Carver (level 11, -15/92 HPs)
             Began as a Minotaur Berserker on Feb 3, 2022.
             Was an Elder of Trog.
             Demolished by an orc warrior (20 damage)
             ... on level 1 of the Orcish Mines.
             The game lasted 00:37:45 (14317 turns).

LustLizard the Carver (Minotaur Berserker)         Turns: 14317, Time: 00:37:47

Health: -15/92     AC: 14    Str: 24    XL:     11   Next: 57%
Magic:  10/10      EV:  7    Int:  6    God:    Trog [****..]
Gold:   1097       SH:  0    Dex: 10    Spells: 10/10 levels left

rFire   + . .      SeeInvis .   J - +2 demon blade (freeze)
rCold   . . .      Faith    .   (no shield)
rNeg    . . .      Spirit   .   K - +0 plate armour
rPois   .          Reflect  .   (helmet restricted)
rElec   .          Harm     .   B - +0 cloak
rCorr   .          Rampage  .   T - +0 pair of gloves
Will    +....                   A - +0 pair of boots
Stlth   ..........              (no amulet)
HPRegen 0.25/turn               p - ring of willpower
MPRegen 0.12/turn               E - ring of protection from fire

@: on berserk cooldown, slowed, very slow
A: horns 2, retaliatory headbutt
a: Renounce Religion, Berserk, Trog's Hand, Brothers in Arms


You were on level 1 of the Orcish Mines.
You worshipped Trog.
Trog was greatly pleased with you.
You visited 2 branches of the dungeon, and saw 12 of its levels.
You also visited: Ossuary.

You collected 1259 gold pieces.
You spent 162 gold pieces at shops.

Inventory:

Hand Weapons
 J - a +2 demon blade of freezing (weapon)
Missiles
 m - 104 stones
 o - 12 boomerangs
 u - 20 poisoned darts (quivered)
Armour
 A - a +0 pair of boots (worn)
 B - a +0 cloak (worn)
 G - a +0 kite shield
 K - a +0 plate armour (worn)
 T - a +0 pair of gloves (worn)
Jewellery
 p - a ring of willpower (left hand)
 E - a ring of protection from fire (right hand)
Wands
 q - a wand of paralysis (6)
 D - a wand of digging (10)
 I - a wand of iceblast (23)
 L - a wand of flame (15)
 Q - a wand of polymorph (7)
Scrolls
 d - 5 scrolls of fear
 f - a scroll of noise
 h - a scroll of holy word
 i - 2 scrolls of silence
 j - 2 scrolls of immolation
 n - 4 scrolls of teleportation
 v - a scroll of magic mapping
Potions
 e - 2 potions of lignification
 g - 2 potions of flight
 l - 2 potions of heal wounds
 s - 6 potions of curing
 t - 2 potions of might
 x - 3 potions of attraction
 O - 2 potions of mutation
 S - 2 potions of cancellation


   Skills:
 - Level 7.6 Fighting
 - Level 14.0 Long Blades
 - Level 10.2 Axes
 * Level 7.5 Throwing
 + Level 2.7 Armour
 + Level 2.4 Dodging
 * Level 4.4 Shields
 * Level 5.5 Evocations


You had 10 spell levels left.
You didn't know any spells.
Your spell library was empty.

Dungeon Overview and Level Annotations

Branches:
Dungeon (10/15)            Temple (0/1) D:4            Lair (0/6) D:8
    Orc (2/2) D:10            Elf (0/3) Orc:2       Ossuary (visited)

Altars:
Dithmenos
Fedhas
Hepliaklqana
Wu Jian
Xom
Yredelemnul

Shops:
D:2 [?(=   D:7 !   D:9 =


Innate Abilities, Weirdness & Mutations

You have a pair of horns on your head.
You reflexively headbutt those who attack you in melee.


Message History

There is a stone staircase leading down here.
You start waiting.
You feel yourself speed up.
You start waiting.
You recover from your berserk rage.
You start waiting.
Done waiting.
Okay, then.
A red film seems to cover your vision as you go berserk!
You feel yourself moving faster!
You feel mighty!
You feel a strong urge to attack something.
You climb downwards.
The ogre barely misses you.
An orc warrior comes into view. It is wielding a +0 trident.
The orc warrior hits you with a +0 war axe.
The orc sorcerer grunts loudly.
The orc sorcerer gestures wildly while chanting.
The orc warlord roars a battlecry!
The orcs go into a battle-frenzy!
There is a stone staircase leading up, spattered with blood here.
You feel your anger nearly subside.
You are no longer berserk.
You are exhausted.
You feel yourself slow down.
The orc warrior hits you with a +0 war axe!
You climb upwards.
There is a stone staircase leading down here.
You hit the ogre. You freeze the ogre.
The ogre is lightly wounded.
The orc warrior hits you with a +0 scimitar!
The ogre hits you with a +0 giant club!
You slash the ogre! You freeze the ogre. You headbutt the ogre.
The ogre is almost dead.
The orc warrior hits you with a +0 war axe!!
The orc warrior completely misses you. The ogre hits you with a +0 giant club!
You hit the ogre. You freeze the ogre.
You kill the ogre!
Trog accepts your kill.
The orc warrior hits you with a +0 war axe!!
* * * LOW HITPOINT WARNING * * *
The orc warrior hits you with a +0 scimitar!!
You die...

##....##........##
#....####......##
####......##.....##
#.#.......########
##...####....### #....##
###....# ##....###....#####
###....#....##.).#
..#....#....#..o@###
..##.......#...).o.##
..#..........[)<....##
......##......)......#
.......##...))##.....###
#....####.[.)#####.....##
#.....##[..[[..#......#.##
......#.)[..........####.##
..###.............###.#...##


You could see 2 orc warriors.

Vanquished Creatures
  Erolcha (D:9)
  A two-headed ogre (D:9)
  An orc high priest (Orc:1)
  The ghost of AlmostDecent the Shield-Bearer, a novice GnFi of Yredelemnul (D:6)
  2 orc knights (Orc:1)
  A black mamba (shapeshifter) (D:10)
  A komodo dragon (D:10)
  The ghost of reversiblehash the Skirmisher, an amateur MiFi (D:3)
  A troll (Orc:1)
  A vampire (D:10)
  5 yaks (D:8)
  6 wargs
  An acid dragon (D:9)
  Duvessa (D:7)
  5 water moccasins
  3 sky beasts
  11 orc warriors
  2 ice beasts
  7 ogres
  A black bear (D:6)
  2 necrophages
  A phantom (D:3)
  4 centaurs
  3 bullfrogs (D:7)
  A kobold brigand (D:8)
  2 wyvern zombies
  2 gnoll sergeants
  3 scorpions
  2 wyvern skeletons (D:6)
  A water moccasin skeleton (D:4)
  Dowan (D:7)
  3 killer bees (D:9)
  A wight (D:7)
  4 howler monkeys
  A bullfrog zombie (D:5)
  6 hounds
  A centaur zombie (D:8)
  4 jellies
  2 gnoll shamans (D:7)
  9 orc priests
  2 centaur skeletons
  7 iguanas
  Ijyb (D:3)
  14 orc wizards
  A killer bee zombie (D:8)
  A hound zombie (D:5)
  2 hound skeletons
  8 mummies (Ossuary)
  2 howler monkey zombies
  7 adders
  10 gnolls
  A howler monkey skeleton (D:7)
  A shadow imp (D:8)
  2 white imps
  An ufetubus (D:7)
  2 dart slugs
  66 orcs
  6 ball pythons
  5 endoplasms
  5 giant cockroaches
  10 goblins
  9 hobgoblins
  4 jackals (D:4)
  14 kobolds
  4 quokkas
  6 bats
  6 frilled lizards
  4 kobold zombies (Ossuary)
  4 orc zombies (Ossuary)
  8 rats
319 creatures vanquished.

Vanquished Creatures (others)
  9 fungi (D:3)
  4 toadstools (D:3)
13 creatures vanquished.

Grand Total: 332 creatures vanquished

Notes
Turn   | Place    | Note
-------+----------+-------------------------------------------
     0 | D:1      | LustLizard the Minotaur Berserker began the quest for the
                  | Orb.
     0 | D:1      | Reached XP level 1. HP: 19/19 MP: 0/0
   308 | D:1      | Reached XP level 2. HP: 23/27 MP: 1/1
   469 | D:1      | Reached ** piety under Trog
   677 | D:1      | Reached XP level 3. HP: 29/33 MP: 2/2
  1050 | D:2      | Found a faded altar of an unknown god.
  1071 | D:2      | Found Tuomp's Magic Scroll Shoppe.
  1078 | D:2      | Found Hopran's Antique Weapon Shop.
  1080 | D:2      | Bought a scroll of identify for 26 gold pieces
  1139 | D:2      | Reached skill level 5 in Axes
  1477 | D:2      | Found Jowoapn's Armour Shop.
  1534 | D:2      | Reached XP level 4. HP: 41/41 MP: 3/3
  1597 | D:2      | Found Luogiz's Jewellery Emporium.
  1628 | D:2      | Reached skill level 1 in Throwing
  1979 | D:3      | Noticed a phantom
  1992 | D:3      | Noticed Ijyb
  2001 | D:3      | Killed Ijyb
  2004 | D:3      | Killed a phantom
  2005 | D:3      | Reached XP level 5. HP: 47/47 MP: 4/4
  2084 | D:3      | Reached skill level 5 in Fighting
  2084 | D:3      | Reached XP level 6. HP: 41/56 MP: 5/5
  2364 | D:3      | Found a runed translucent door.
  2364 | D:3      | Noticed reversiblehash's ghost (amateur MiFi)
  2383 | D:3      | Killed reversiblehash's ghost
  2704 | D:3      | Noticed a water moccasin
  2713 | D:3      | Killed a water moccasin
  2714 | D:3      | Reached XP level 7. HP: 62/62 MP: 6/6
  3296 | D:4      | Reached skill level 1 in Evocations
  3393 | D:4      | Reached *** piety under Trog
  3505 | D:4      | Found a staircase to the Ecumenical Temple.
  3979 | D:4      | Found a large runed translucent door.
  3981 | D:4      | Found a large runed translucent door.
  4109 | D:4      | Found a basalt altar of Yredelemnul.
  4117 | D:4      | Found a shadowy altar of Dithmenos.
  4172 | D:5      | Entered Level 5 of the Dungeon
  4393 | D:5      | Reached XP level 8. HP: 64/70 MP: 7/7
  4396 | D:5      | Reached skill level 5 in Throwing
  5028 | D:6      | Found an ornate altar of the Wu Jian Council.
  5281 | D:6      | Found a blossoming altar of Fedhas.
  5393 | D:6      | Found a hazy altar of Hepliaklqana.
  5394 | D:6      | Found a shimmering altar of Xom.
  5395 | D:6      | Noticed a spectral ugly thing
  5577 | D:6      | Reached XP level 9. HP: 70/78 MP: 8/8
  5672 | D:6      | Found a runed translucent door.
  5676 | D:6      | Noticed AlmostDecent's ghost (novice GnFi)
  6209 | D:6      | Reached skill level 1 in Shields
  6846 | D:6      | Killed AlmostDecent's ghost
  6847 | D:6      | Reached skill level 10 in Axes
  6847 | D:6      | Reached skill level 5 in Evocations
  7476 | D:7      | Found Amitoneb's Distillery.
  7611 | D:7      | Reached skill level 1 in Long Blades
  7619 | D:7      | Reached skill level 2 in Long Blades
  7624 | D:7      | Reached XP level 10. HP: 50/86 MP: 9/9
  7825 | D:7      | Reached skill level 3 in Long Blades
  7896 | D:7      | Reached **** piety under Trog
  8066 | D:7      | Reached skill level 4 in Long Blades
  8285 | D:7      | Noticed Duvessa
  8285 | D:7      | Noticed Dowan
  8296 | D:7      | Killed Duvessa
  8305 | D:7      | Killed Dowan
  8308 | D:7      | Reached skill level 5 in Long Blades
  8482 | D:8      | Found a staircase to the Lair.
  8490 | D:8      | Reached skill level 6 in Long Blades
  8595 | D:8      | Found a sand-covered staircase.
  8601 | Ossuary  | Entered an ossuary
  8660 | Ossuary  | Reached skill level 7 in Long Blades
  9340 | D:8      | Reached skill level 8 in Long Blades
  9358 | D:8      | Reached skill level 9 in Long Blades
  9927 | D:9      | Noticed Erolcha
  9942 | D:9      | Killed Erolcha
  9943 | D:9      | Reached skill level 10 in Long Blades
 10215 | D:9      | Found Sumeh's Jewellery Shoppe.
 10223 | D:9      | Identified the +7 hand crossbow "Jias Lim" {vorpal, Drain
                  | Will+++ Int+3}
 10241 | D:9      | Noticed a two-headed ogre
 10251 | D:9      | Killed a two-headed ogre
 10252 | D:9      | Reached skill level 11 in Long Blades
 10429 | D:10     | Entered Level 10 of the Dungeon
 10518 | D:10     | Reached XP level 11. HP: 79/92 MP: 10/10
 10673 | D:10     | Found a staircase to the Orcish Mines.
 10683 | D:10     | Reached ***** piety under Trog
 10750 | D:10     | Reached skill level 12 in Long Blades
 10755 | D:10     | Received a gift from Trog
 12347 | Orc:1    | Entered Level 1 of the Orcish Mines
 12782 | Orc:1    | Reached skill level 13 in Long Blades
 12888 | Orc:1    | Noticed an orc high priest
 12895 | Orc:1    | Killed an orc high priest
 13204 | Orc:2    | Entered Level 2 of the Orcish Mines
 13204 | Orc:2    | Noticed an orc knight
 13207 | Orc:2    | Noticed an orc sorcerer
 13207 | Orc:2    | Noticed an orc sorcerer
 13208 | Orc:2    | Noticed an orc knight
 13208 | Orc:2    | Noticed an orc sorcerer
 13209 | Orc:2    | Noticed an orc warlord
 13493 | D:2      | Bought a scroll of blinking for 97 gold pieces
 13493 | D:2      | Bought a scroll of teleportation for 39 gold pieces
 13849 | Orc:1    | Killed an orc knight
 13850 | Orc:1    | Reached skill level 14 in Long Blades
 13854 | Orc:1    | Killed an orc knight
 14313 | Orc:2    | Noticed an orc sorcerer
 14317 | Orc:1    | Demolished by an orc warrior

Illustrated notes

Levels and vault maps discovered:
D:1:      roderic_octagonal_star, layout_basic, minmay_misc_feat_ornament,
          minmay_tromino_i4
D:2:      layout_rooms, serial_shops, shop, nicolae_shop_waterfront,
          nicolae_shop_trees, nicolae_shop_behind_doors,
          nicolae_ecumenical_lake_church, minmay_misc_feat_plants
D:3:      layout_loops_cross, gammafunk_ghost_grave, minmay_gold_behind_fungi,
          uniq_ijyb
D:4:      layout_basic, jmf_multi_god_temple2, minmay_temple_entry_glass
D:5:      layout_cave_pools, kennysheep_generic_room_4
D:6:      minmay_octagon_keep, layout_loops_ring, amcnicky_altar_gilded,
          regret_index_temple_of_mockery, mainiacjoe_overflow_brackets,
          ebering_ghost_reflecting_pool, minmay_small_thing
D:7:      minmay_s_stair_smasher, layout_loops_cross, serial_shops,
          kennysheep_mini_moat, uniq_duvessa
D:8:      layout_basic, erik_lair_orcish_takeover,
          nicolae_ossuary_entry_monument, kennysheep_generic_room_14
D:9:      layout_rooms, serial_shops, nicolae_shop_statue_plus, uniq_erolcha
D:10:     layout_gridville, hiddenorc2_lemuel, special_room [special_room_orc],
          minmay_misc_feat_hallway
Orc:1:    layout_diamond_mine
Orc:2:    grunt_orc_gardens, layout_caves, grunt_orc_garden, grunt_orc_garden,
          grunt_orc_garden, grunt_orc_garden, nicolae_orc_tapped_out, uniq_urug,
          uniq_donald

Skill      XL: |  1  2  3  4  5  6  7  8  9 10 11 |
---------------+----------------------------------+-----
Axes           | 4 5 6 7 8 9 10 | 10.2
Fighting       | 4 5 6 7 |  7.6
Throwing       | 2 4 6 7 |  7.5
Evocations     | 2 4 5 |  5.5
Shields        | 4 |  4.4
Long Blades    | 2 11 14 | 14.0
Armour         | |  2.7
Dodging        | |  2.4

Action                   |  1- 3 |  4- 6 |  7- 9 | 10-12 || total
-------------------------+-------+-------+-------+-------++-------
Melee: Hand axe          |    81 |    54 |    35 |       ||   170
       Headbutt          |    11 |    13 |    42 |    75 ||   141
       Punch             |     2 |       |     9 |     7 ||    18
       War axe           |       |       |   164 |       ||   164
       Flail             |       |       |    70 |     2 ||    72
       Demon blade       |       |       |       |   406 ||   406
Throw: Stone             |       |     7 |    18 |    99 ||   124
       Dart              |       |       |    12 |    12 ||    24
       Boomerang         |       |       |     2 |       ||     2
Invok: Berserk           |     1 |     3 |     2 |     8 ||    14
       Trog's Hand       |       |     1 |       |     4 ||     5
Evoke: Wand              |       |       |     2 |       ||     2
  Use: Scroll            |     2 |     2 |     3 |    16 ||    23
       Potion            |       |       |     1 |     3 ||     4
 Stab: Paralysed         |       |       |     4 |       ||     4
Armor: Animal skin       |     8 |       |       |       ||     8
       Ring mail         |    12 |    18 |       |       ||    30
       Scale mail        |       |     1 |     9 |       ||    10
       Leather armour    |       |       |    13 |       ||    13
       Chain mail        |       |       |    98 |    62 ||   160
       Plate armour      |       |       |       |   102 ||   102
Dodge: Dodged            |    45 |    20 |   123 |   118 ||   306
